 Dungeon Sprint DCSS version 0.24-a0-201-gf2055891f0 (webtiles) character file.

Game seed: 17307892783759009781

67 Findor the Cudgeler (level 4, -8/33 HPs)
             Began as a Demonspawn Gladiator on Mar 23, 2019.
             Splashed by a jelly's acid (10 damage)
             ... in the Dungeon (Sprint IX: "|||||||||||||||||||||||||||||").
             The game lasted 00:00:31 (42 turns).

Findor the Cudgeler (Demonspawn Gladiator)            Turns: 42, Time: 00:00:32

Health: -8/33      AC: -8    Str: 15    XL:     4   Next: 0%
Magic:  4/4        EV: 12    Int:  9    God:
Gold:   0          SH:  0    Dex: 15    Spells: 3/3 levels left

rFire    . . .     SeeInvis .   a - +0 flail
rCold    . . .     Gourm    .   (no shield)
rNeg     . . .     Faith    .   b - +0 leather armour
rPois    .         Spirit   .   c - +0 helmet
rElec    .         Reflect  .   (no cloak)
rCorr    .         Harm     .   (no gloves)
MR       .....     NoTele   +   (no boots)
Stlth    +.........             (no amulet)
HPRegen  0.11/turn              (no ring)
MPRegen  0.09/turn              (no ring)

@: corroded, berserk cooldown, slowed, very slow
A: spiny 1
a: no special abilities


You were in the Dungeon.
You were not hungry.

You visited 1 branch


Innate Abilities, Weirdness & Mutations

You are partially covered in sharp spines.


   Skills:
 - Level 2.0 Fighting
 + Level 7.7 Maces & Flails
 - Level 1.7 Throwing
 - Level 2.6 Dodging


You had 3 spell levels left.
You didn't know any spells.
Your spell library was empty.

Inventory:

Hand Weapons
 a - a +0 flail (weapon)
Missiles
 d - 3 throwing nets (quivered) {!f}
Armour
 b - a +0 leather armour (worn)
 c - a +0 helmet (worn)
Scrolls
 k - a scroll of blinking
Potions
 e - a potion of curing {@q1}
 g - a potion of heal wounds {@q2}
 h - a potion of haste {@q3}
 i - 2 potions of magic
Comestibles
 f - a ration
 l - a chunk of flesh


Message History

You have reached level 2!
Your demonic ancestry asserts itself...
Sharp spines emerge from parts of your body.
The iguana is struck by your spines. The iguana barely misses you.
You see here an adder corpse.
You hit the iguana. The iguana bites you.
You sock the iguana!
You kill the iguana!
Your Maces & Flails skill increases to level 6!
You have reached level 3!
Your experience leads to an increase in your attributes!
Your base attributes are Str 14, Int 9, Dex 14.
Increase (S)trength, (I)ntelligence, or (D)exterity?
You feel stronger.
The bat skeleton is struck by your spines.
The bat skeleton closely misses you.
You sock the bat skeleton!
You destroy the bat skeleton!
You sock the iguana!
The jelly jiggles.
You closely miss the iguana. The iguana barely misses you.
You hit the iguana. The iguana barely misses you.
You sock the iguana!
You kill the iguana!
Your Maces & Flails skill increases to level 7!
You have reached level 4!
You feel agile.
You are no longer berserk.
You are exhausted.
You feel yourself slow down.
You aren't carrying any items that you can evoke.
Unknown command.
You hit the jelly.
Your hands burn!
The jelly hits you but does no damage. The jelly barely misses you.
You thump the jelly! The acid corrodes you!
Your hands burn!
The jelly misses you.
You hit the jelly but do no damage. The acid corrodes you!
Your hands burn!
The jelly is struck by your spines. The jelly hits you. The acid corrodes you!
You are splashed with acid!
* * * LOW HITPOINT WARNING * * *
The jelly hits you.
* * * LOW HITPOINT WARNING * * *
The acid corrodes you!
You are splashed with acid!
* * * LOW HITPOINT WARNING * * *
You hit the jelly but do no damage.
Your hands burn!
* * * LOW HITPOINT WARNING * * *
The jelly is struck by your spines. The jelly hits you.
* * * LOW HITPOINT WARNING * * *
The acid corrodes you!
You are splashed with acid!
You die... ▓▓▓▓▓▓▓▓▓▓▓▓▓▓▓▓▓▓ +...J@'.....)...<▓ ▓▓▓▓▓▓▓▓▓▓▓▓▓▓▓▓▓▓

You could see a jelly.

Vanquished Creatures
  2 iguanas (D)
  An adder (D)
  A bat skeleton (D)
  A giant cockroach (D)
  A hobgoblin (D)
  2 bats (D)
  A frilled lizard (D)
9 creatures vanquished.

Vanquished Creatures (others)
  A spatial maelstrom (D)
1 creature vanquished.

Grand Total: 10 creatures vanquished

Notes
Turn   | Place    | Note
-------+----------+-------------------------------------------
     0 | D        | Findor the Demonspawn Gladiator began the quest for the
                  | Orb.
     0 | D        | Reached XP level 1. HP: 16/16 MP: 1/1
     9 | D        | Reached skill level 3 in Maces & Flails
    17 | D        | Reached skill level 4 in Maces & Flails
    24 | D        | Banished a spatial maelstrom
    26 | D        | Noticed a jelly
    26 | D        | Noticed an iguana
    26 | D        | Noticed an iguana
    30 | D        | Reached skill level 5 in Maces & Flails
    30 | D        | Gained mutation: You are partially covered in sharp spines.
                  | [demonic ancestry]
    30 | D        | Reached XP level 2. HP: 22/22 MP: 2/2
    33 | D        | Reached skill level 6 in Maces & Flails
    33 | D        | Reached XP level 3. HP: 27/27 MP: 3/3
    38 | D        | Reached skill level 7 in Maces & Flails
    38 | D        | Reached XP level 4. HP: 33/33 MP: 4/4
    42 | D        | HP: 3/33 [acid (4)]
    42 | D        | Splashed by a jelly's acid

Levels and vault maps discovered:
D:        linesprint [early_d, line_temple, items_1, d_10, items_2, lair_1,
          lair_end, items_3, orc_1, orc_end, items_4, d_15, swamp_1, shoals_1,
          snake_1, spider_1, d_20, vaults_1, items_5, swamp_end, shoals_end,
          snake_end, spider_end, vaults_end, d_27, items_6, zot_1, zot_end,
          crypt_end, forest_end, elf_end, slime_end, tomb_end, abyss_end,
          pan_hell_end]

Action                   |  1- 3 |  4- 6 || total
-------------------------+-------+-------++-------
Melee: Flail             |    23 |     4 ||    27
  Use: Potion            |     1 |       ||     1
Armor: Leather armour    |     7 |     1 ||     8
Dodge: Dodged            |    15 |     2 ||    17
